 Dungeon Crawl Stone Soup version 0.29-a0-323-g050149af67 (webtiles) character file.

Game seed: 13830313170590142066

107 spaghetti the Sneak (level 4, -3/31 HPs)
             Began as an Octopode Cinder Acolyte on Apr 10, 2022.
             Was a High Priest of Ignis.
             Slain by Grinder (8 damage)
             ... on level 3 of the Dungeon.
             The game lasted 00:02:16 (1984 turns).

spaghetti the Sneak (Octopode Cinder Acolyte)       Turns: 1984, Time: 00:02:16

Health: -3/31      AC:  1    Str: 13    XL:     4   Next: 85%
Magic:  5/5        EV: 12    Int: 16    God:    Ignis [*****.]
Gold:   47         SH:  0    Dex:  9    Spells: 3/5 levels left

rFire   + + .      SeeInvis +   s - +1 dagger (pain) {short}
rCold   . . .      Faith    .   (no shield)
rNeg    . . .      Spirit   .   (helmet restricted)
rPois   .          Reflect  .   (no amulet)
rElec   .          Harm     .   o - ring of protection from fire
rCorr   .          Rampage  .   k - ring of see invisible
Will    .....                   (no ring)
Stlth   ++++......              (no ring)
HPRegen 0.10/turn               (no ring)
MPRegen 0.09/turn               (no ring)
                                (no ring)
                                (no ring)

@: no status effects
A: almost no armour, amphibious, 8 rings, camouflage 1, gelatinous body 1,
(nimble swimmer 1), tentacles
a: Renounce Religion, Fiery Armour, Foxfire Swarm, Rising Flame


You were on level 3 of the Dungeon.
You worshipped Ignis.
Ignis was extremely pleased with you.
You visited 1 branch of the dungeon, and saw 3 of its levels.

You collected 47 gold pieces.


Innate Abilities, Weirdness & Mutations

You cannot wear most types of armour.
You are amphibious.
You can wear up to eight rings at the same time.
Your skin changes colour to match your surroundings (Stealth+).
Your rubbery body absorbs attacks. (AC +1, EV +1)
((You are camouflaged when in or above water. (Stealth+)))
You have tentacles for arms and can constrict up to eight enemies at once.


   Skills:
 - Level 3.0 Fighting
 + Level 3.1 Short Blades
 + Level 6.1 Stealth
 - Level 1.0 Spellcasting
 - Level 3.0 Fire Magic


You had 3 spell levels left.
You knew the following spells:

 Your Spells              Type           Power      Damage    Failure   Level
a - Scorch                Fire           20%        2d6       10%         2

Your spell library contained the following spells:

 Spells                   Type           Power      Damage    Failure   Level


Inventory:

Hand Weapons
 a - a -1 short sword of flaming {short}
 j - a +0 short sword {short}
   (You found it on level 1 of the Dungeon)
 n - a +0 long sword {long}
   (You found it on level 1 of the Dungeon)
 s - a +1 dagger of pain (weapon) {short}
   (You found it on level 2 of the Dungeon)
Missiles
 c - 118 stones (quivered) {throwing}
 g - 2 boomerangs {throwing}
Jewellery
 k - a ring of see invisible (right tentacle)
   (You found it on level 1 of the Dungeon)
 o - a ring of protection from fire (left tentacle)
   (You found it on level 2 of the Dungeon)
Wands
 v - a wand of charming (9)
   (You found it on level 3 of the Dungeon)
Scrolls
 e - 2 scrolls of noise {unknown}
 f - a scroll of brand weapon {unknown}
 h - a scroll of enchant armour {unknown}
 i - a scroll of teleportation {unknown}
 l - 4 scrolls of identify {unknown}
 m - 2 scrolls of fog {unknown}
 p - a scroll of fear {unknown}
Potions
 b - a potion of might {unknown}
 d - 2 potions of curing {unknown}
 q - 2 potions of invisibility {unknown}
 r - a potion of flight {unknown}
 t - 2 potions of attraction {unknown}
 u - a potion of ambrosia {unknown}

Dungeon Overview and Level Annotations

Branches:
Dungeon (3/15)

Altars:

Annotations:
D:3 Grinder

#.. #.# ...
##### #.# #
#....###.#
#.##.....##v#
........##5#
####..##.##@#
#.....<..vvv#
#....##.#####
#.........#
#...###.#.#
#. ..#.# #
.#.# # #.#.#
# ..#


You could see Grinder (ally target).


Message History

Partly explored, can't reach some places.
Partly explored, can't reach some places.
Partly explored, can't reach some places.
(D) Dungeon
Where to? (Enter - D:3, ? - help) Sorry, I don't know how to get there.
Unknown command.
Unknown command.
(D) Dungeon
Where to? (Enter - D:4, ? - help)
You see here a quokka corpse.
There is a stone staircase leading up here.
You climb upwards.
There is a stone staircase leading down here.
You see here a +0 hand axe {axe}.
There is a stone staircase leading down here.
You climb downwards.
There is a stone staircase leading up here.
You can't go down here!
You throw a stone {throwing}.
The stone {throwing} hits the quokka but does no damage.
A quokka is nearby!
An adder comes into view.
The quokka bites you.
You are too injured to fight recklessly! 😕 HP[-4]
You take 4 damage, and now have 27/31 hp.
You are too injured to fight recklessly!
You are too injured to fight recklessly!
You are too injured to fight recklessly!
You are too injured to fight recklessly!
You are too injured to fight recklessly!
You are too injured to fight recklessly!
You are too injured to fight recklessly!
You are too injured to fight recklessly!
You are too injured to fight recklessly!
You are too injured to fight recklessly!
You are too injured to fight recklessly!
You are too injured to fight recklessly!
You are too injured to fight recklessly!
You are too injured to fight recklessly!
You are too injured to fight recklessly!
You are too injured to fight recklessly!
You are too injured to fight recklessly!
Unknown command.
You barely miss the quokka. Your grab misses the quokka.
The quokka barely misses you.
You hit the quokka. Your grab misses the quokka. The quokka barely misses you.
You closely miss the quokka. You grab the quokka. You constrict the quokka.
The quokka bites you. 😮 HP[-5]
You take 5 damage, and now have 22/31 hp.
You hit the quokka.
You kill the quokka!
The adder hisses angrily.
The adder misses you.
You hit the adder. You grab the adder. You squeeze the adder.
You constrict the adder. The adder closely misses you.
You hit the adder but do no damage. You constrict the adder.
The adder barely misses you. 😮 HP[+1]
You completely miss the adder. You constrict the adder.
The adder barely misses you.
You hit the adder but do no damage. You squeeze the adder.
You kill the adder!
You start resting. 😎 HP[+8]
Your hp is fully restored (31).
Grinder comes into view.
The helpless Grinder fails to defend herself.
You impale Grinder!! Your grab misses Grinder. Grinder hits you.
You writhe in agony. 😕 HP[-5]
You take 5 damage, and now have 26/31 hp.
You barely miss Grinder. Your grab misses Grinder. Grinder barely misses you.
You closely miss Grinder. Your grab misses Grinder.
You tentacle-slap Grinder, but do no damage.
Grinder hits you.
You writhe in agony. 😮 HP[-7]
You take 7 damage, and now have 19/31 hp.
MASSIVE DAMAGE!! (PAUSE)
You hit Grinder but do no damage. You grab Grinder. You constrict Grinder.
Grinder gestures at you.
You suddenly lose the ability to move!
You lose your grip on Grinder.
Grinder says, "Wait up."
Grinder barely misses you. Grinder hits you. x2
* * * LOW HITPOINT WARNING * * *
You writhe in agony.
* * * LOW HITPOINT WARNING * * *
You can move again. 😱 HP[-15]
You take 15 damage, and now have 4/31 hp.
MASSIVE DAMAGE!! (PAUSE)
Okay, then.
Okay, then.
Activating: Foxfire Swarm
Press: ? - help, Dir - look around, f - activate Flames leap up around you!
Grinder hits you!
You die...

Skill      XL: |  1  2  3  4 |
---------------+-------------+-----
Stealth        | 2 3 5 6 |  6.1
Fighting       | |  3.0
Short Blades   | |  3.1
Spellcasting   | |  1.0
Fire Magic     | |  3.0

Action                   |  1- 3 |  4- 6 || total
-------------------------+-------+-------++-------
Melee: Short sword       |    65 |    11 ||    76
       Constrict         |    12 |     6 ||    18
       Tentacles         |    10 |     8 ||    18
       Punch             |     1 |     1 ||     2
       Dagger            |       |    18 ||    18
Throw: Stone             |       |     1 ||     1
Invok: Foxfire Swarm     |     1 |     1 ||     2
 Stab: Sleeping          |     8 |     5 ||    13
       Distracted        |       |     1 ||     1
Armor: Skin              |     9 |     1 ||    10
Dodge: Dodged            |    32 |    13 ||    45

Levels and vault maps discovered:
D:1:      matt_arrival_grand_opening, layout_basic,
          ebering_ecumenical_altar_abandoned, st_stairs_8
D:2:      layout_basic, uniq_terence
D:3:      layout_basic, chequers_serial_rivers_small_a,
          kennysheep_generic_room_6, uniq_grinder

Notes
Turn   | Place    | Note
-------+----------+-------------------------------------------
     0 | D:1      | spaghetti the Octopode Cinder Acolyte began the quest for
                  | the Orb.
     0 | D:1      | Reached XP level 1. HP: 16/16 MP: 2/2
     0 | D:1      | magus.rc [v1.9.6]
    27 | D:1      | Reached skill level 1 in Stealth
   145 | D:1      | Reached skill level 2 in Stealth
   156 | D:1      | Reached XP level 2. HP: 20/21 MP: 3/3
   184 | D:1      | Reached skill level 3 in Stealth
   398 | D:1      | Learned a level 2 spell: Scorch
   432 | D:1      | Found a faded altar of an unknown god.
   625 | D:2      | Reached XP level 3. HP: 26/26 MP: 4/4
   677 | D:2      | Reached skill level 4 in Stealth
  1049 | D:2      | Noticed Terence
  1056 | D:2      | Killed Terence
  1057 | D:2      | Reached skill level 5 in Stealth
  1057 | D:2      | Reached XP level 4. HP: 10/31 MP: 5/5
  1422 | D:2      | Reached skill level 6 in Stealth
  1975 | D:3      | Noticed Grinder
  1980 | D:3      | Paralysed by Grinder for 3 turns
  1983 | D:3      | HP: 4/31 [Grinder (6)]
  1984 | D:3      | Slain by Grinder

Vanquished Creatures
  Terence (D:2)
  4 adders
  2 dart slugs (D:2)
  4 bats (D:1)
  5 endoplasms
  2 giant cockroaches (D:1)
  6 hobgoblins
  4 quokkas
  4 ball pythons
  4 frilled lizards
  6 goblins
  A rat (D:3)
43 creatures vanquished.

Vanquished Creatures (others)
  19 foxfires (D:2)
19 creatures vanquished.

Grand Total: 62 creatures vanquished

Table legend:
 A = Non-vault XP
 B = Vault XP
 C = Vault XP percentage of total XP
 D = Non-vault monster count
 E = Vault monster count
 F = Vault count percentage of total count
                 A         B        C        D         E       F
            +---------+---------+-------+---------+---------+-------
      Total |     119 |      34 |  22.2 |      41 |       2 |   4.7
            +---------+---------+-------+---------+---------+-------
        D:1 |      29 |       2 |   6.5 |      18 |       1 |   5.3
        D:2 |      70 |      32 |  31.4 |      18 |       1 |   5.3
        D:3 |      20 |       0 |   0.0 |       5 |       0 |   0.0
            +---------+---------+-------+---------+---------+-------

Illustrated notes

Table legend:
 A = Kills in this place as a percentage of kills in entire the game.
 B = Kills by you in this place as a percentage of kills by you in the entire game.
 C = Kills by friends in this place as a percentage of kills by friends in the entire game.
 D = Other kills in this place as a percentage of other kills in the entire game.
 E = Experience gained in this place as a percentage of experience gained in the entire game.
 F = Experience gained in this place divided by the number of levels of this place that you have seen.
                   A       B       C       D       E      F
               +-------+-------+-------+-------+-------+----------------------
         Total | 100.0 | 100.0 |   N/A |   N/A | 100.0 |  51.0
       Dungeon | 100.0 | 100.0 |   N/A |   N/A | 100.0 |  51.0
               +-------+-------+-------+-------+-------+----------------------

Table legend: (Time is in decaauts)
 A = Elapsed time spent in this place.
 B = Non-inter-level travel time spent in this place.
 C = Inter-level travel time spent in this place.
 D = Time resting spent in this place.
 E = Time spent auto-exploring this place.
 F = Levels seen in this place.
 G = Mean time per level.
                   A        B        C        D        E       F      G
               +--------+--------+--------+--------+--------+-----+--------+
         Total |   1976 |   1845 |    131 |    609 |    949 |   3 |  658.7 |
       Dungeon |   1976 |   1845 |    131 |    609 |    949 |   3 |  658.7 |
               +--------+--------+--------+--------+--------+-----+--------+

Top non-repeatable levels by time:
     D:2: 1100 daAuts
     D:1: 616 daAuts
     D:3: 259 daAuts
